[Event "*** Titled Tuesday Blitz"]
[Site "Chess.com"]
[Date "2021.02.02"]
[Round "3"]
[White "Tsyhanchuk_Stanislav"]
[Black "ENajer77"]
[Result "1-0"]
[WhiteElo "2439"]
[BlackElo "2627"]
[TimeControl "180+1"]
[EndTime "10:31:36 PST"]
[Termination "Tsyhanchuk_Stanislav won on time"]

1. e4 c6 2. d4 d5 3. e5 Bf5 4. h4 h5 5. Bd3 Bxd3 6. Qxd3 Qa5+ 7.
Nd2 e6 8. Nf3 Qa6 9. c4 Ne7 10.
O-O Nf5 11. Qc3 Nd7 12. b4 dxc4 13. Nxc4 Nb6 14. Nxb6 Qxb6 15. Rb1 Be7 16. a4 Rd8 17. Rd1 O-O 18. Ba3 Rd5 19. b5 cxb5 20. Bxe7 Nxe7 21. Ng5 Nf5 22. axb5 Rxb5 23. Rxb5 Qxb5 24. d5 exd5 25. e6 fxe6 26. Nxe6 Re8 27. Nc7 Qe2 28. Rb1 Rf8 29.
Nxd5 Nxh4 30. Qd4 Nf5 31. Qf4 a6 32. Rxb7 Qe1+ 33. Kh2 Qe6 34. Nc7 Qg6 35. Nd5 Qe6 36.
Nc7 Qe7 37. Ra7 1-0

[Event "*** Titled Tuesday Blitz"]
[Site "Chess.com"]
[Date "2021.02.02"]
[Round "3"]
[White "lamomiablanca"]
[Black "NMJeevanK"]
[Result "0-1"]
[WhiteElo "2282"]
[BlackElo "2509"]
[TimeControl "180+1"]
[EndTime "10:31:36 PST"]
[Termination "NMJeevanK won by resignation"]

1. e4 e5 2. Nf3 Nc6 3. Nc3 Nf6 4. d4 exd4 5. Nxd4 Nxd4 6. Qxd4 d6 7. Bf4 Be7 8.
O-O-O O-O 9. f3 Be6 10. g4 Nd7 11. h4 Bf6 12. Qd2 a5 13. g5 Bxc3 14. Qxc3 Bxa2 15.
h5 f6 16. h6 g6 17. Bc4+ Bxc4 18. Qxc4+ Kh8 19. Be3 Ne5 20. Qc3 fxg5 21. Bd4 Qe7 22.
Bxe5+ Qxe5 23. Qxc7 Rac8 24. Qxb7 Rb8 25. Qg7+ Qxg7 26.
hxg7+ Kxg7 27. Rxd6 Rxf3 28. Rd7+ Kf6 29. Rhxh7 g4 30. Rde7 Rb5 31. e5+ Kg5 32. e6 Rd5 33. b3 g3 34. Ref7 g2 35. Rxf3 g1=Q+ 36. Kb2 Qd4+ 37.
Ka2 Re5 38. e7 Re1 39. c3 Qd2+ 40. Ka3 Qd6+ 41. Ka4 Rxe7 42. Kxa5 Rxh7 0-1

[Event "*** Titled Tuesday Blitz"]
[Site "Chess.com"]
[Date "2021.02.02"]
[Round "3"]
[White "Yaryi_sergey"]
[Black "YIYUKI"]
[Result "0-1"]
[WhiteElo "2478"]
[BlackElo "2257"]
[TimeControl "180+1"]
[EndTime "10:31:36 PST"]
[Termination "YIYUKI won by resignation"]

1. Nf3 Nf6 2. g3 g6 3. Bg2 Bg7 4. O-O O-O 5. d4 d5 6. Nbd2 c6 7. c4 Ne4 8. Qb3 Qb6 9. cxd5 Qxb3 10. Nxb3 cxd5 11. Ne5 Nc6 12. Bf4 g5 13. Nxc6 bxc6 14. Be3 Ba6 15. f3 Nd6 16. Bxg5 Bxe2 17. Bxe7 Bxf1 18.
Rxf1 Nf5 19. Bxf8 Kxf8 20. Rd1 a5 21. g4 a4 22. gxf5 axb3 23. axb3 Rb8 24. Rd3 Rb4 25.
Bf1 Bxd4+ 26. Kg2 Bxb2 27. Be2 Be5 28. Bd1 f6 29. Rd2 Ke7 30. Ra2 Kd6 31. Kf1 Rh4 32. Kg1 d4 33. Rc2 c5 34. Rg2 Bf4 35. Rg4 Bxh2+ 36. Kg2 Rh5 37. f4 d3 38.
Kf3 Kd5 39. Rg7 Kd4 40. Kg4 Rh6 41. Rd7+ Kc3 42. Bf3 Bg1 43. Be4 Bd4 44. Bf3 Bf2 45. Bd1 Bd4 46. Bf3 Rh2 47. Kg3 Rb2 48. Bd1 d2 49. Kf3 Rb1 50. Ke2 Rb2 51. Rxh7 Ra2 52. Rc7 Ra8 53. b4 Re8+ 54. Kf3 c4 55. Be2 Re3+ 56.
Kf2 Re7+ 57. Kf3 Rxc7 0-1

[Event "*** Titled Tuesday Blitz"]
[Site "Chess.com"]
[Date "2021.02.02"]
[Round "3"]
[White "FontVella8"]
[Black "ljuks68"]
[Result "1-0"]
[WhiteElo "2576"]
[BlackElo "2385"]
[TimeControl "180+1"]
[EndTime "10:31:37 PST"]
[Termination "FontVella8 won by resignation"]

1. e4 e6 2. d4 d5 3. Nc3 Bb4 4. e5 Ne7 5. h4 c5 6. a3 Bxc3+ 7.
bxc3 Bd7 8. h5 h6 9. Qg4 Nf5 10. Bd3 O-O 11. Nf3 c4 12. Bxf5 exf5 13. Qg3 Kh7 14.
a4 Nc6 15. Qf4 Qa5 16. Bd2 b5 17. Nh4 Ne7 18. O-O bxa4 19. Bc1 Qxc3 20. Ba3 Rfe8 21. Bxe7 Rxe7 22. Nxf5 Bxf5 23. Qxf5+ Kg8 24. Rxa4 Qxd4 25. Re1 Rae8 26. Rb4 a5 27. Rb5 Rxe5 28. Rxe5 Qa1+ 29. Rb1 Qxe5 30. Qd7 Rb8 31. Rd1 Rb2 32. g3 Rxc2 33. Rxd5 Rc1+ 34. Kg2 Qe4+ 35. f3 Qe2+ 36. Kh3 Qf1+ 37.
Kg4 Qe2 38. Qc8+ Kh7 39. Qf5+ g6 40. Qxf7+ Kh8 41. Rd8+ 1-0

[Event "*** Titled Tuesday Blitz"]
[Site "Chess.com"]
[Date "2021.02.02"]
[Round "3"]
[White "Vyacheslav_N"]
[Black "Artem_Sadovsky"]
[Result "0-1"]
[WhiteElo "2380"]
[BlackElo "2572"]
[TimeControl "180+1"]
[EndTime "10:31:37 PST"]
[Termination "Artem_Sadovsky won on time"]

1. e4 g6 2. d4 Bg7 3. Nc3 d6 4. Bg5 Nd7 5. Qd2 c5 6. dxc5 Nxc5 7. O-O-O Qa5 8. f3 Bxc3 9. Qxc3 Qxc3 10. bxc3 Be6 11.
a3 Rc8 12. h4 h5 13. Nh3 Bd7 14. Nf4 Na4 15. c4 Nb6 16. Nd5 Nxc4 17. Bxc4 Rxc4 18.
Be3 Ba4 19. Rd2 b6 20. Bd4 f6 21. Ne3 Rc8 22. f4 Bc6 23. e5 dxe5 24. fxe5 f5 25.
e6 Nf6 26. Bxf6 exf6 27. Nc4 Ke7 28. Re1 Rhd8 29. Rf2 Be4 30. Ne3 Kxe6 31. g4 hxg4 32. Nxg4 Rd4 33. Ne3 Kf7 34. h5 gxh5 35. Rf4 Rc5 36.
c4 Rd3 37. a4 a6 38. Kb2 b5 39. axb5 axb5 40. Re2 bxc4 41. Nc2 c3+ 42. Kc1 Ra5 43.
Ref2 Ra2 0-1

[Event "*** Titled Tuesday Blitz"]
[Site "Chess.com"]
[Date "2021.02.02"]
[Round "3"]
[White "PowerThinking2650"]
[Black "LawrenceTrent"]
[Result "1/2-1/2"]
[WhiteElo "2390"]
[BlackElo "2567"]
[TimeControl "180+1"]
[EndTime "10:31:38 PST"]
[Termination "Game drawn - insufficient material"]

1. e4 c6 2. d4 g6 3. Nc3 d5 4. e5 f6 5. f4 Nh6 6. Nf3 Bg7 7. Bd3 O-O 8. O-O Bf5 9. Kh1 Bxd3 10.
Qxd3 Na6 11. Be3 Nc7 12. Ne2 Qd7 13. b3 Qf5 14. Qd2 fxe5 15. Nxe5 Bxe5 16. Ng3 Qe6 17. fxe5 Nf5 18. Nxf5 Rxf5 19. Bh6 Qf7 20. Kg1 Ne6 21. Rxf5 Qxf5 22. Rf1 Qe4 23. c3 c5 24. Qf2 Qf5 25. Qh4 g5 26. Rxf5 gxh4 27. dxc5 Rc8 28. b4 b6 29. cxb6 axb6 30. Rf3 Ra8 31. Rd3 Rxa2 32. Rxd5 Kf7 33. Rb5 Rc2 34. Rxb6 Rxc3 35. Rb8 Kg6 36. Rb6 Kf5 37. Rb7 Rc7 38. Rxc7 Nxc7 39. Bf8 Nd5 40.
b5 Kxe5 41. Kf2 Kd6 42. Kf3 h5 43. Ke4 Kc5 44. Kf5 Ne3+ 45. Kg5 Nxg2 46. Kxh5 Kxb5 47. Bxe7 Kc4 48. Bxh4 Kd5 49. Kg4 Ke6 50. Bg5 Ne1 51.
h4 Nd3 52. h5 Kf7 53. h6 Kg8 54. Kf5 Kh7 55. Ke4 Nc5+ 56. Kf5 Nd7 57. Bf4 Nb6 58.
Ke6 Na4 59. Be3 Nc3 60. Bd2 Ne4 61. Be3 Kg6 62. Ke5 Nf6 63. Ke6 Ng8 64. h7 Kxh7 1/2-1/2

[Event "*** Titled Tuesday Blitz"]
[Site "Chess.com"]
[Date "2021.02.02"]
[Round "3"]
[White "TheSodabread"]
[Black "BigAl"]
[Result "0-1"]
[WhiteElo "2106"]
[BlackElo "2478"]
[TimeControl "180+1"]
[EndTime "10:31:38 PST"]
[Termination "BigAl won by resignation"]

1. d4 g6 2. e4 d6 3. Nc3 a6 4. f4 Bg7 5. a4 Nc6 6. d5 Nb4 7. Be3 Nf6 8. h3 c6 9. Bc4 cxd5 10. Nxd5 Nbxd5 11. Bxd5 Nxd5 12. Qxd5 Bxb2 13. Rb1 Bc3+ 14. Kf1 O-O 15. Nf3 Bd7 16. Rxb7 Rc8 17. Bb6 Qe8 18. Qb3 Bxa4 19. Qa3 Bc6 20. Rc7 Rxc7 21. Bxc7 Bg7 22. e5 Bxf3 23. Qxf3 dxe5 24. Bxe5 Bxe5 25. fxe5 Qb5+ 26.
Qe2 Qb1+ 27. Qe1 Qxc2 28. Kg1 Rd8 29. Kh2 Rd2 30. Qg3 Rd1 31. e6 Rxh1+ 32. Kxh1 fxe6 33. Qb8+ Kf7 34. Qh8 g5 35. Qa1 Qd3 36. Qe5 Qf5 37. Qe2 a5 38. g4 Qd5+ 39. Kh2 a4 40. Qf2+ Ke8 41. Qa7 a3 42. Qb8+ Kf7 43. Qb1 Qe5+ 44. Kh1 Kg7 45. Qa1 Qxa1+ 0-1

[Event "*** Titled Tuesday Blitz"]
[Site "Chess.com"]
[Date "2021.02.02"]
[Round "3"]
[White "anon481216"]
[Black "Piacramling"]
[Result "1-0"]
[WhiteElo "2461"]
[BlackElo "2234"]
[TimeControl "180+1"]
[EndTime "10:31:38 PST"]
[Termination "anon481216 won on time"]

1. d4 Nf6 2. c4 c5 3. d5 b5 4. cxb5 a6 5. bxa6 g6 6. Nc3 Bg7 7. e4 O-O 8. e5 Ne8 9. h4 Bxe5 10.
Bh6 Bg7 11. Qd2 e6 12. h5 Qf6 13. Bxg7 Qxg7 14. Nf3 Bxa6 15. Bxa6 Nxa6 16. h6 Qf6 17. O-O Nb4 18. b3 Nc7 19. d6 Ncd5 20. Ne4 Qd8 21. Nxc5 f6 22. a4 Ra7 23. Nd4 Qb8 24. Nb5 Rc8 25. Nxa7 Qxa7 26. Ne4 Rc2 27. Qe1 Qd4 28. Rd1 Qe5 29. g3 f5 30. Ng5 Qxd6 31. a5 Qe7 32.
Nf3 Qc5 33. Qe5 Qf8 34. Ra1 Nc6 35. Qe1 Nc7 36. a6 Na8 37. Ne5 Qd6 38. Nxc6 Qxc6 39. Qe5 Qc3 40. Qg7+ Qxg7 41. hxg7 Kxg7 42. Rfc1 1-0

[Event "*** Titled Tuesday Blitz"]
[Site "Chess.com"]
[Date "2021.02.02"]
[Round "3"]
[White "Mr_Penings"]
[Black "Dedic8"]
[Result "0-1"]
[WhiteElo "2599"]
[BlackElo "2815"]
[TimeControl "180+1"]
[EndTime "10:31:39 PST"]
[Termination "Dedic8 won on time"]

1. c4 c5 2. g3 Nf6 3. Bg2 d5 4. cxd5 Nxd5 5. Nc3 Nc7 6. Nf3 Nc6 7. O-O e5 8. a3 Be7 9. b4 cxb4 10. axb4 a6 11. b5 axb5 12. Rxa8 Nxa8 13. Nxb5 O-O 14. d4 e4 15. Ne5 Qa5 16. Qb3 Nxe5 17. dxe5 Be6 18. Qb2 Nb6 19. Bd2 Qa4 20. Ra1 Qc4 21. Nd6 Bxd6 22.
exd6 Qxe2 23. Bf1 Nc4 24. Bxe2 Nxb2 25. Rb1 Nd3 26. Rxb7 h6 27. f3 Rd8 28. Rb6 Nc5 29.
Be3 Na4 30. Ra6 Nc3 31. Bf1 exf3 32. Kf2 Bg4 33. h3 Nd1+ 34. Ke1 Nxe3 35. hxg4 Nxg4 36. Bb5 Kf8 37. Ra4 Ne5 38. Re4 f6 39. d7 Ke7 0-1

[Event "*** Titled Tuesday Blitz"]
[Site "Chess.com"]
[Date "2021.02.02"]
[Round "3"]
[White "Nozdrachev_Leonid"]
[Black "ukchessbomber"]
[Result "0-1"]
[WhiteElo "2535"]
[BlackElo "2384"]
[TimeControl "180+1"]
[EndTime "10:31:39 PST"]
[Termination "ukchessbomber won on time"]

1. e4 e5 2. Nf3 Nc6 3. d4 exd4 4. Nxd4 Nf6 5. Nc3 Bb4 6. Nxc6 bxc6 7. Bd3 d5 8. exd5 cxd5 9. O-O O-O 10. a3 Bd6 11. h3 c6 12. Na4 Qc7 13. c4 dxc4 14. Bxc4 Rd8 15. Qf3 Be6 16. Bxe6 fxe6 17. Bg5 Rf8 18.
Rac1 Nd5 19. Qe4 Rae8 20. Nc5 Rf5 21. Bd2 Nf6 22. Qe3 Re5 23. Na6 Qb7 24. Qd3 Rd5 25.
Qe2 Qxb2 26. Rfd1 Bf4 27. Rb1 Qc2 28. Nb4 Rxd2 29. Qf3 Rxd1+ 30. Rxd1 Qe4 31. Qxe4 Nxe4 32. Rd4 Nc3 33. Kf1 e5 34. Rc4 Nd5 35. Nxc6 Rc8 36. Nxe5 Rxc4 37. Nxc4 Bc1 38. Ke2 Nf4+ 39. Kf3 Nd3 40.
g3 Nb2 41. Nd6 Na4 42. Nb5 a6 43. Nc7 Nc5 0-1

[Event "*** Titled Tuesday Blitz"]
[Site "Chess.com"]
[Date "2021.02.02"]
[Round "3"]
[White "chessmadara"]
[Black "Chimpinha"]
[Result "1/2-1/2"]
[WhiteElo "2146"]
[BlackElo "2392"]
[TimeControl "180+1"]
[EndTime "10:31:39 PST"]
[Termination "Game drawn by repetition"]

1. e4 e6 2. d4 d5 3. Nc3 Nf6 4. Bg5 dxe4 5. Nxe4 Be7 6. Nxf6+ Bxf6 7. Bxf6 Qxf6 8. Nf3 c5 9. Bd3 Nc6 10. Bb5 Bd7 11.
Bxc6 Bxc6 12. dxc5 Qxb2 13. O-O Rd8 14. Qb1 Qf6 15.
Qb3 O-O 16. Rfd1 Bxf3 17. Qxf3 Qxf3 18. gxf3 g6 19. a4 Kg7 20. a5 Kf6 21. a6 bxa6 22. Rxd8 Rxd8 23. Rxa6 Rc8 24. c6 Ke5 25. Kg2 h5 26. h4 f6 27. Kg3 Rc7 28. f4+ Kd5 29. Kf3 Rxc6 30. Rxa7 Rc3+ 31. Kg2 Rxc2 32. Rg7 Ke4 33.
Rxg6 Kf5 34. Rh6 Kxf4 35. Rxf6+ Kg4 36. Rxe6 Kxh4 37. Re4+ Kg5 38. Re5+ Kg6 39. Re6+ Kg5 40. Re5+ Kg6 41. Re6+ Kf5 42. Rh6 Kg5 43. Ra6 h4 44.
Ra5+ Kg4 45. Ra4+ Kg5 46. Ra5+ Kg4 47. Ra4+ Kg5 48. Ra5+ 1/2-1/2

[Event "*** Titled Tuesday Blitz"]
[Site "Chess.com"]
[Date "2021.02.02"]
[Round "3"]
[White "Mambastik-Fantastic"]
[Black "Alex_Molchanov"]
[Result "1-0"]
[WhiteElo "2266"]
[BlackElo "2471"]
[TimeControl "180+1"]
[EndTime "10:31:39 PST"]
[Termination "Mambastik-Fantastic won by checkmate"]

1. e4 c5 2. Nf3 Nc6 3. d4 cxd4 4. Nxd4 Nf6 5. Nc3 e5 6. Ndb5 d6 7. Bg5 a6 8. Na3 b5 9. Nd5 Be7 10. Bxf6 gxf6 11. c3 Be6 12. Nc2 f5 13. Qh5 fxe4 14.
Nce3 Bg5 15. g4 Bxe3 16. Nxe3 Ne7 17. O-O-O Bxa2 18. g5 Be6 19. Bh3 Bxh3 20. Qxh3 Qd7 21. Qg2 Qb7 22. Ng4 Qc6 23. Nf6+ Kf8 24. Qh3 Ng8 25. Nxh7+ Kg7 26. g6 fxg6 27. Qe6 Rxh7 28. Rxd6 Qe8 29. Rd7+ Kh8 30. Rxh7+ Kxh7 31. Qh3+ Kg7 32. Rd1 Nf6 33. Qg3 Rd8 34. Rg1 Qf7 35. Kb1 Re8 36. h4 Nh5 37. Qe3 Nf4 38. Rg5 Qf6 39. Qa7+ Re7 40. Qa8 Nd3 41. Qxe4 Qf4 42. Qxg6+ Kf8 43. Qg8# 1-0

[Event "*** Titled Tuesday Blitz"]
[Site "Chess.com"]
[Date "2021.02.02"]
[Round "3"]
[White "DrVelja"]
[Black "chessdjw"]
[Result "1-0"]
[WhiteElo "2898"]
[BlackElo "2590"]
[TimeControl "180+1"]
[EndTime "10:31:40 PST"]
[Termination "DrVelja won on time"]

1. e4 e5 2. Nf3 Nc6 3. Bb5 a6 4. Ba4 Nf6 5. O-O Be7 6. d3 b5 7. Bb3 Bb7 8. Nc3 O-O 9. a3 Nd4 10. Nxd4 exd4 11. Ne2 c5 12. Ng3 d5 13. e5 Nd7 14. Re1 Re8 15. Qg4 Bf8 16. Bf4 c4 17.
Ba2 Re6 18. Nf5 Rg6 19. Qf3 Qb6 20. Re2 Re8 21. Rae1 Rge6 22. Qg3 Rg6 23. Qf3 a5 24. h4 b4 25. h5 Rge6 26. dxc4 dxc4 27. Qg3 b3 28.
cxb3 d3 29. Rd2 Nc5 30. bxc4 Ne4 31. Rxe4 Bxe4 32. c5 Qb7 33. Bxe6 Rxe6 34. Nd6 Bxd6 35. exd6 h6 36. Be5 f6 37. Bc3 Qd5 38. b4 axb4 39. axb4 Bxg2 40. Rxd3 Qxh5 41. Kxg2 Re4 42. d7 Rg4 43.
d8=Q+ Kh7 44. Qd5 Rxg3+ 45. Kxg3 Qg6+ 46. Kf3 f5 47. Ke2 Qg4+ 48. Qf3 Qg6 49. Rd5 Qe6+ 50.
Kd3 g6 51. b5 h5 52. c6 Qf7 53. Rd7 1-0

[Event "*** Titled Tuesday Blitz"]
[Site "Chess.com"]
[Date "2021.02.02"]
[Round "3"]
[White "Ajedrez_con_German"]
[Black "Flopezin"]
[Result "1-0"]
[WhiteElo "2620"]
[BlackElo "2418"]
[TimeControl "180+1"]
[EndTime "10:31:40 PST"]
[Termination "Ajedrez_con_German won on time"]

1. d4 Nf6 2. Bf4 e6 3. e3 c5 4.
c3 b6 5. Nf3 Bb7 6. Nbd2 Be7 7.
Bd3 cxd4 8. exd4 d6 9. O-O O-O 10. Qe2 Nbd7 11. Rfe1 Re8 12. h3 a6 13. Rad1 Qc7 14.
Ne4 Nxe4 15. Bxe4 Bxe4 16. Qxe4 Nf6 17. Qe2 b5 18. a3 Rac8 19. Bg5 Qc4 20. Nd2 Qxe2 21.
Rxe2 Nd5 22. Bxe7 Rxe7 23. Ne4 Rd7 24. g3 h6 25. h4 Kf8 26. Kf1 Ke7 27. Rc2 Nf6 28.
Nxf6 Kxf6 29. Ke2 d5 30. Kd3 Rdc7 31. b4 Kf5 32. a4 a5 33. bxa5 bxa4 34. Ra1 Rc4 35.
Rb1 Ra8 36. Rb4 Rac8 37. a6 Ra8 38. Rxc4 dxc4+ 39. Kxc4 Rxa6 40. Kb5 Ra8 41. f3 e5 42. d5 e4 43. fxe4+ Kxe4 44. c4 Kd4 45. d6 1-0

[Event "*** Titled Tuesday Blitz"]
[Site "Chess.com"]
[Date "2021.02.02"]
[Round "3"]
[White "kingofthenil"]
[Black "Sychev_Klementy"]
[Result "1/2-1/2"]
[WhiteElo "2660"]
[BlackElo "2897"]
[TimeControl "180+1"]
[EndTime "10:31:41 PST"]
[Termination "Game drawn by repetition"]

1. e4 d6 2. d4 Nf6 3. f3 g6 4.
Nc3 a6 5. Be3 b5 6. Qd2 Nbd7 7.
Nh3 Nb6 8. Nf2 Bb7 9. a4 b4 10. Ncd1 a5 11. c3 bxc3 12. bxc3 Bg7 13. Bb5+ Nfd7 14.
O-O O-O 15. Bh6 Ba6 16. Bxg7 Kxg7 17. Bxa6 Rxa6 18. Ne3 e6 19. f4 f5 20. Qd3 Ra8 21. Rfe1 Nf6 22. exf5 gxf5 23. Nc4 Qd7 24. Nxb6 cxb6 25.
c4 Rac8 26. d5 exd5 27. cxd5 Rc5 28. Rad1 Rxd5 29. Qg3+ Kh8 30. Rxd5 Nxd5 31. Qb3 Nxf4 32. Qxb6 Rg8 33. g3 Ng6 34. Qxa5 Ne5 35. Qc3 Qb7 36. Nd3 Qf3 37. Rxe5 dxe5 38. Qxe5+ Rg7 39. Qe8+ Rg8 40. Qe5+ Rg7 41. Qb8+ Rg8 42. Qb2+ Rg7 43. Qb8+ Rg8 44. Qe5+ 1/2-1/2

[Event "*** Titled Tuesday Blitz"]
[Site "Chess.com"]
[Date "2021.02.02"]
[Round "3"]
[White "erlesfar"]
[Black "Mbneu"]
[Result "0-1"]
[WhiteElo "2492"]
[BlackElo "2302"]
[TimeControl "180+1"]
[EndTime "10:31:41 PST"]
[Termination "Mbneu won by checkmate"]

1. e4 c5 2. d4 cxd4 3. c3 Nf6 4. e5 Nd5 5. Nf3 b6 6. Bc4 Nc7 7. cxd4 Ba6 8. Bb3 e6 9. Nc3 Be7 10. h4 h6 11. Bf4 Nc6 12. Qd2 Nb4 13. O-O-O Rc8 14.
Kb1 Bd3+ 15. Ka1 a5 16. a3 Bf5 17. axb4 axb4 18. Na2 Ra8 19. Rc1 O-O 20. Rhg1 Nd5 21. g4 Be4 22. Ne1 Rxa2+ 23. Bxa2 b3 24. Rg3 bxa2 25.
f3 Bb4 26. Qf2 Bb1 27. Bd2 Qa8 28. g5 h5 29. f4 Qa5 30. Bxb4 Nxb4 31. Ra3 Qd5 32. Nf3 Qe4 33. Nd2 Nc2+ 34. Rxc2 Qxc2 35. Qe1 Rc8 36. Nxb1 axb1=Q+ 37. Qxb1 Qd2 38. Ka2 Qxd4 39. g6 Qxf4 40. gxf7+ Qxf7 41. Qd3 Qf5 42. Qxd7 Rf8 43. Qd6 Qg4 44. Ra7 Qc4+ 45. Ka3 Rf3+ 46. b3 Qxb3# 0-1

[Event "*** Titled Tuesday Blitz"]
[Site "Chess.com"]
[Date "2021.02.02"]
[Round "3"]
[White "FMJoseHerrera"]
[Black "AniJak"]
[Result "0-1"]
[WhiteElo "2490"]
[BlackElo "2288"]
[TimeControl "180+1"]
[EndTime "10:31:41 PST"]
[Termination "AniJak won by checkmate"]

1. Nf3 d5 2. g3 Nf6 3. Bg2 g6 4. d3 Bg7 5. Nc3 O-O 6. h4 Bg4 7. Bg5 h6 8. Bf4 c6 9. Qd2 Kh7 10. h5 g5 11. Bxg5 Bxf3 12. Bxf3 hxg5 13. h6 Bh8 14.
Qxg5 Qd7 15. e4 Rg8 16. Qd2 dxe4 17. Nxe4 Nxe4 18. Bxe4+ f5 19. Bf3 Bxb2 20. Rb1 Bf6 21.
Kf1 Na6 22. Qa5 e5 23. g4 fxg4 24. Be4+ Kh8 25. Kg2 g3 26. f3 Qd4 27. Qd2 Bg5 28. Rxb7 Qxe4 29. dxe4 Bxd2 30. Rd1 Rad8 31. Rxa7 Nb4 32.
Rb1 Bc3 33. a3 Rd2+ 34. Kh3 g2 35. axb4 g1=Q 36. Rxg1 Rxg1 37. b5 cxb5 38. Rc7 Bd4 39. c3 Rdg2 40. cxd4 Rg6 41. Rc8+ Kh7 42. Rc7+ Kg8 43.
Rc8+ Kf7 44. Rc7+ Ke8 45. Rh7 Rh1# 0-1

[Event "*** Titled Tuesday Blitz"]
[Site "Chess.com"]
[Date "2021.02.02"]
[Round "3"]
[White "Papullon"]
[Black "sbouchet"]
[Result "0-1"]
[WhiteElo "2133"]
[BlackElo "2345"]
[TimeControl "180+1"]
[EndTime "10:31:41 PST"]
[Termination "sbouchet won on time"]

1. d4 Nf6 2. Bg5 g6 3. Bxf6 exf6 4.
h4 h5 5. e3 f5 6. g3 Bg7 7. Bg2 c6 8. c4 O-O 9. Nc3 d6 10. Nge2 Nd7 11. O-O Nf6 12. Nf4 Qe7 13.
Qd3 Bd7 14. b4 Rac8 15. a4 Rfe8 16. b5 Ne4 17. Rfb1 Rc7 18. bxc6 bxc6 19. a5 Bh6 20. a6 Bxf4 21. exf4 Qf6 22. Nxe4 fxe4 23. Bxe4 Bh3 24. Bg2 Bf5 25. Qc3 Bxb1 26. Rxb1 c5 27. Rb7 Ree7 28. Bd5 Qxd4 29. Qa5 Rcd7 30. Bc6 Qd1+ 31.
Kg2 Re1 32. Qxe1 Qxe1 33. Rxd7 Qa5 34. Rxa7 Kg7 35. Bd5 Kh6 36. Rxf7 Qxa6 37. Rf6 Kg7 38. Re6 Qb6 39. Be4 Qb4 40. Rxg6+ Kf7 41. Rg5 Kf6 42. Bd5 Qe1 43. Rxh5 Qe2 44. Rh6+ Kg7 45. Rh5 Qxh5 0-1

[Event "*** Titled Tuesday Blitz"]
[Site "Chess.com"]
[Date "2021.02.02"]
[Round "3"]
[White "Lysiak_Poltorak"]
[Black "Blitzstream"]
[Result "0-1"]
[WhiteElo "2444"]
[BlackElo "2748"]
[TimeControl "180+1"]
[EndTime "10:31:42 PST"]
[Termination "Blitzstream won by resignation"]

1. d4 d5 2. c4 c6 3. Nc3 Nf6 4. Nf3 Bf5 5. e3 e6 6. Bd3 Bg6 7. Ne5 Nbd7 8. f4 Nxe5 9. fxe5 Ne4 10. Bxe4 dxe4 11. O-O Bb4 12. Qg4 Bxc3 13. bxc3 O-O 14. Ba3 Re8 15. h4 h5 16. Qg3 Qa5 17. Bb4 Qa6 18. c5 Qc4 19. Rfc1 b5 20. Qf2 a5 21. Ba3 Bf5 22. Qf1 Qd3 23. Qe1 Kh7 24. Kf2 Rg8 25. Qd1 Qxd1 26. Rxd1 g5 27. Rh1 Bg4 28.
hxg5 Rxg5 29. Rh4 Rag8 30. Rah1 Kg7 31. Bc1 Kf8 32. Bd2 Ke7 33. Rb1 Bd1 34. Rh2 Bc2 35. Rg1 Bd3 36. Ke1 Bc4 37. g3 Bxa2 38. c4 Bxc4 39.
Bxa5 Rxg3 40. Rxg3 Rxg3 41. Bd2 Rf3 42. Rh1 h4 43.
Kd1 h3 44. Kc2 Bf1 45. Be1 Bg2 46. Rh2 Rxe3 47. Bh4+ Kd7 48. Kd2 Rd3+ 49. Kc2 b4 0-1

[Event "*** Titled Tuesday Blitz"]
[Site "Chess.com"]
[Date "2021.02.02"]
[Round "3"]
[White "The_Machine04"]
[Black "TeukkaSalama"]
[Result "0-1"]
[WhiteElo "2519"]
[BlackElo "2366"]
[TimeControl "180+1"]
[EndTime "10:31:42 PST"]
[Termination "TeukkaSalama won by checkmate"]

1. d4 d6 2. Nf3 Nf6 3. Nbd2 Nbd7 4. e4 e5 5. dxe5 dxe5 6. c3 Bc5 7. Bc4 O-O 8. Qe2 c6 9. a4 a5 10. O-O Re8 11. Rd1 Qc7 12. Nf1 h6 13. b3 Nb6 14.
N3d2 Nxc4 15. Nxc4 Be6 16. Ba3 Bg4 17. Qxg4 Nxg4 18.
Bxc5 b5 19. Nb6 Rad8 20. axb5 cxb5 21. b4 a4 22. Nd5 Qb7 23. f3 Nf6 24. Nxf6+ gxf6 25.
Ne3 Rxd1+ 26. Rxd1 a3 27. Ra1 Ra8 28. Ra2 Qd7 29. Nd5 Kg7 30. Kf2 f5 31. Nb6 Qe6 32.
Nd5 fxe4 33. fxe4 f5 34. c4 fxe4 35. Kg1 bxc4 36. Nb6 c3 37. Ra1 Rd8 38. Rxa3 c2 39. Rc3 Rd1+ 40. Kf2 c1=Q 41. Rxc1 Rxc1 42. Ke3 Qf5 43.
Kd2 Qf4+ 44. Be3 Qf1 45. Nd5 Qe1# 0-1

[Event "*** Titled Tuesday Blitz"]
[Site "Chess.com"]
[Date "2021.02.02"]
[Round "3"]
[White "DFeco"]
[Black "Tekushka"]
[Result "0-1"]
[WhiteElo "2235"]
[BlackElo "2457"]
[TimeControl "180+1"]
[EndTime "10:31:42 PST"]
[Termination "Tekushka won by resignation"]

1. c4 e5 2. g3 Nf6 3. Bg2 c6 4. d4 e4 5. Nc3 d5 6. cxd5 cxd5 7. f3 exf3 8. Nxf3 h6 9. O-O Be7 10. Ne5 Nc6 11. e3 O-O 12. Qb3 Na5 13. Qc2 Be6 14. b3 Rc8 15. Qd3 Bb4 16. Bb2 Bxc3 17. Bxc3 Nc6 18. Rac1 Nxe5 19. dxe5 Ne4 20. Bxe4 dxe4 21. Qxe4 Qb6 22. Bd4 Qa6 23. Bc5 Rfd8 24. Bd6 Qxa2 25. Qxb7 Rxc1 26. Rxc1 Qxb3 27. Qxb3 Bxb3 28. Ra1 Rc8 29.
Rxa7 Rc1+ 30. Kf2 Rc2+ 31. Ke1 Rxh2 32. Ra8+ Kh7 33. Ra3 Be6 34. e4 Kg6 35. Rf3 Kg5 36.
Kf1 Kg4 37. Re3 Ra2 38. Kg1 Bc4 39. Bf8 Kh3 40. g4+ Kxg4 41. Bxg7 h5 42. Bf6 h4 43.
Kh1 h3 44. e6 Bxe6 45. Be5 Bc4 46. Rg3+ Kh4 47. Rg7 Re2 48. Bf6+ Kh5 49. Rg5+ Kh6 50.
e5 Be6 51. Rg3 Bd5+ 52. Kg1 h2+ 0-1

[Event "*** Titled Tuesday Blitz"]
[Site "Chess.com"]
[Date "2021.02.02"]
[Round "3"]
[White "KruHor"]
[Black "Jadeit90"]
[Result "0-1"]
[WhiteElo "2573"]
[BlackElo "2415"]
[TimeControl "180+1"]
[EndTime "10:31:43 PST"]
[Termination "Jadeit90 won on time"]

1. d4 g6 2. e4 Bg7 3. c4 c5 4. d5 d6 5. Nf3 Nf6 6. Nc3 O-O 7. Bg5 e6 8. Be2 exd5 9. cxd5 Na6 10. O-O Nc7 11. a4 Rb8 12. Re1 h6 13. Bh4 g5 14. Bg3 Nh5 15. Nd2 Nxg3 16. hxg3 a6 17. a5 b5 18. axb6 Rxb6 19. Nc4 Rb4 20. e5 dxe5 21.
d6 Ne6 22. Nd5 Rb7 23. Bf3 Nd4 24. Ne7+ Rxe7 25. dxe7 Qxe7 26. g4 Rd8 27. Be4 Be6 28. b3 Nb5 29. Qf3 Nd4 30. Qg3 Qd7 31. Nxe5 Qd6 32.
Bf3 Nxb3 33. Rad1 Nd2 34. Nc6 Qxg3 35. fxg3 Nxf3+ 36. gxf3 Rxd1 37. Rxd1 c4 38. Nd4 Bd5 39.
Kf2 Bxd4+ 40. Rxd4 Be6 41. Ke3 Kg7 42. Rd6 Kf6 43.
Rxa6 Kg7 44. Kd4 Kg8 45. Ke5 Kg7 46. Rc6 Kg6 47. f4 Kg7 48. f5 Bd7 49. Rxc4 Bb5 50. Rd4 Be2 51. f6+ Kg6 52. Rd8 Bxg4 53. Rg8+ Kh5 54. Rg7 Be6 55. Rh7 Kg4 56. Rxh6 Kxg3 57. Rh1 g4 58. Rg1+ Kf2 59. Rb1 g3 60. Rb2+ Kg1 61.
Rb1+ Kh2 62. Rb2+ g2 63. Kf4 Kh1 0-1

[Event "*** Titled Tuesday Blitz"]
[Site "Chess.com"]
[Date "2021.02.02"]
[Round "3"]
[White "LyonBeast"]
[Black "VitaliyBernadskiy"]
[Result "1-0"]
[WhiteElo "3101"]
[BlackElo "2720"]
[TimeControl "180+1"]
[EndTime "10:31:44 PST"]
[Termination "LyonBeast won on time"]

1. b3 a5 2. Nc3 d5 3. Nf3 Nf6 4. e3 g6 5. Bb2 Bg7 6. d4 O-O 7.
Bd3 Bg4 8. h3 Bxf3 9. Qxf3 Nc6 10.
Na4 Qd6 11. Qg3 Rfe8 12. Qxd6 exd6 13. a3 Na7 14. O-O b5 15. Nc3 c6 16. Rac1 Rab8 17. Ne2 Nc8 18. Rfd1 Nb6 19. Bc3 Ra8 20. Be1 h5 21.
Kf1 Bf8 22. Ng1 a4 23. Bb4 Reb8 24. Nf3 Ne8 25. Be1 axb3 26. cxb3 Rc8 27. Ra1 Nc7 28.
Rdc1 Ne6 29. Bc3 c5 30. Bxb5 c4 31. bxc4 dxc4 32. a4 Nd5 33. Be1 c3 34. e4 Nf6 35.
Bd3 g5 36. Bxc3 g4 37. hxg4 hxg4 38. Nh4 Nf4 39. Bb5 Nxe4 40. Be1 Ne6 41. Nf5 Rxc1 42. Rxc1 d5 43. f3 1-0